 Dungeon Crawl Stone Soup version 0.20.1-1-g8b1a95d (webtiles) character file.

61 letownia2 the Grave Robber (level 3, 6/28 HPs)
             Began as a Deep Dwarf Necromancer on Nov 1, 2017.
             Quit the game in the Ecumenical Temple.
             The game lasted 00:03:10 (976 turns).

letownia2 the Grave Robber (Deep Dwarf Necromancer)  Turns: 976, Time: 00:03:10

Health: 6/28       AC:  5    Str: 11    XL:     3   Next: 83%
Magic:  6/6        EV: 12    Int: 16    God:
Gold:   42         SH:  0    Dex: 13    Spells: 2/6 levels left

rFire    . . .     SeeInvis .   a - +0 dagger
rCold    . . .     Gourm    .   (no shield)
rNeg     . . .     Faith    .   m - +0 leather armour
rPois    .         Spirit   .   k - +0 helmet
rElec    .         Reflect  .   (no cloak)
rCorr    .         Harm     .   i - +0 pair of gloves
MR       .....                  (no boots)
Stlth    ++........             (no amulet)
Regen    0.0/turn               (no ring)
MPRegen  0.1/turn               (no ring)

@: non-regenerating
A: damage resistance, heal wounds, sense surroundings 1, no regeneration
a: Heal Wounds


You were in the Ecumenical Temple.
You were not hungry.

You visited 2 branches of the dungeon, and saw 5 of its levels.

You collected 42 gold pieces.

Inventory:

Hand Weapons
 a - a +0 dagger (weapon)
 c - a +0 blowgun
Missiles
 g - 15 poisoned needles
Armour
 e - a +0 robe
 i - a +0 pair of gloves (worn)
 k - a +0 helmet (worn)
 m - a +0 leather armour (worn)
Scrolls
 l - 2 scrolls of identify {unknown}
Potions
 f - a potion of haste {unknown}
Books
 b - a book of Necromancy

   Spells                             Type                      Level
   a - Pain                           Necromancy                   1
   b - Animate Skeleton               Necromancy                   1
   c - Vampiric Draining              Necromancy                   3
   d - Regeneration                   Charms/Necromancy            3
   e - Animate Dead                   Necromancy                   4
   f - Control Undead                 Necromancy                   4
Comestibles
 d - 4 fruits
 h - a bread ration
 j - a chunk of flesh


   Skills:
 - Level 2.1 Dodging
 - Level 2.4 Stealth
 - Level 2.3 Spellcasting
 + Level 5.7 Necromancy


You had 2 spell levels left.
You knew the following spells:

 Your Spells              Type           Power        Failure   Level  Hunger
a - Pain                  Necr           ###.         2%          1    #......
v - Vampiric Draining     Necr           ###.......   8%          3    ###....


Dungeon Overview and Level Annotations

Branches:
Dungeon (4/15)             Temple (1/1) D:4

Altars:
Ashenzari
Dithmenos
Elyvilon
Fedhas
Hepliaklqana
Kikubaaqudgha
Makhleb
Okawaru
Qazlal
Ru
Sif Muna
Trog
Uskayaw
Vehumet
Xom
The Shining One

Shops:
D:4 }

Annotations:
D:3 1 transporter
D:4 Eustachio; HammerPanzer's ghost, novice MiBe


Innate Abilities, Weirdness & Mutations

You are resistant to damage.
You can heal yourself by infusing magical energy.
You passively map a small area around you.
You do not regenerate.


Message History

Found a shadowy altar of Dithmenos.
Found a radiant altar of Vehumet and a deep blue altar of Sif Muna.
Found an ancient bone altar of Kikubaaqudgha.
Found a stormy altar of Qazlal.
Found a bloodstained altar of Trog.
Found a sacrificial altar of Ru.
Found a hide-covered altar of Uskayaw.
You aren't carrying any pieces of jewellery.
Unknown command.
Wear which item? (? for menu, Esc to quit)
Okay, then. (m)acro, (M)acro raw, keymap [(k) default, (x) level-map, (t)argeting, (c)onfirm, m(e)nu], (s)ave?
Aborting.
Unknown command.
Saving game... please wait.
Welcome back, letownia2 the Deep Dwarf Necromancer.
Press ? for a list of commands and other information.
Drop what? 13/52 slots (_ for help) (? for menu, Esc to quit)
Okay, then.
Are you sure you want to abandon this character and quit the game? (Confirm with "yes".)

###........_...........
##......................
##......._...............
##........................
#.........................
##....._...........⌠.8.⌠...
#..........................
#..........................
#.<.._....@....8.⌠.......⌠.
#..........................
#..........................
##....._...........⌠.8.⌠...
#.........................
##........................
##......._...............
##......................
###........_...........


There were no monsters in sight!

Vanquished Creatures
  A hound (D:4)
  An adder (D:4)
  An ooze (D:1)
  A dart slug (D:1)
  2 giant cockroaches
  A goblin (D:1)
  2 hobgoblins (D:3)
  2 jackals (D:4)
  A quokka (D:3)
  A frilled lizard (D:2)
  3 kobolds
  A rat (D:1)
17 creatures vanquished.

Notes
Turn   | Place    | Note
-------+----------+-------------------------------------------
     0 | D:1      | letownia2 the Deep Dwarf Necromancer began the quest for the Orb.
     0 | D:1      | Reached XP level 1. HP: 15/15 MP: 3/3
    99 | D:1      | Reached XP level 2. HP: 17/22 MP: 0/5
   585 | D:4      | Noticed Eustachio
   787 | D:3      | Found a transporter.
   815 | D:4      | Reached skill level 5 in Necromancy
   815 | D:4      | Reached XP level 3. HP: 13/28 MP: 3/6
   820 | D:4      | Learned a level 3 spell: Vampiric Draining
   852 | D:4      | Found Eson's Gadget Shoppe.
   852 | D:4      | Noticed HammerPanzer's ghost (novice MiBe)
   855 | D:4      | Noticed a phantom
   899 | D:4      | Found a staircase to the Ecumenical Temple.
   925 | Temple   | Entered the Ecumenical Temple
   976 | Temple   | Quit the game

Skill      XL: |  1  2 |
---------------+-------+-----
Spellcasting   | 2 |  2.3
Necromancy     | 5 |  5.7
Dodging        | |  2.1
Stealth        | |  2.4

Action                   || total
-------------------------++-------
Melee: Unarmed           ||     1
 Cast: Pain              ||    44
       Vampiric Draining ||     1
  Eat: Chunk             ||     1
Armor: Robe              ||     8
Dodge: Dodged            ||    19
